 Dungeon Crawl Stone Soup version 0.19-a0-1384-gbb462ca (webtiles) character file.

73838 Kidiri the Thaumaturge (level 15, -1/75 HPs)
             Began as a Deep Elf Fire Elementalist on Sept 3, 2016.
             Was a High Priest of Vehumet.
             Slain by a hell hound (3 damage)
             ... on level 6 of the Lair of Beasts.
             The game lasted 02:28:19 (26911 turns).

Kidiri the Thaumaturge (DEFE)                      Turns: 26911, Time: 02:28:20

Health: -1/75      AC: 13    Str:  0 (3)  XL:     15   Next: 5%
Magic:  38/44      EV: 17    Int: 23 (25) God:    Vehumet [*****.]
Gold:   1907       SH:  6    Dex: 11 (17) Spells: 12 memorised, 1 level left

rFire  + . .     SeeInvis .     k - +1 dagger (speed)
rCold  + . .     Gourm    .     A - +1 robe {rC+ rF+}
rNeg   . . .     Faith    .     q - +2 buckler
rPois  +         Spirit   .     p - +0 helmet
rElec  .         Dismiss  .     i - +0 cloak
rCorr  .         Reflect  .     H - +1 pair of gloves
MR     +....     Harm     .     D - +0 pair of boots
Stlth  ++........ Rnd*Tele +    y - amulet of magic regeneration
                                o - +2 ring of protection
                                s - ring of magical power

@: about to teleport, slowed, lost strength, delayed fireball, very slow
A: yellow scales 1, agile 1, blink, deterioration 2, dopey 1, frail 1, poison
resistance, teleportitis 1, weak 1
a: Blink, Renounce Religion, Release Delayed Fireball


You were on level 6 of the Lair of Beasts.
You worshipped Vehumet.
Vehumet was extremely pleased with you.
You were not hungry.

You visited 4 branches of the dungeon, and saw 19 of its levels.

You collected 1907 gold pieces.

Inventory:

Hand Weapons
 k - a +1 dagger of speed (weapon)
 B - a +0 dagger of electrocution
 K - a +0 dagger of protection
Armour
 i - a +0 cloak (worn)
 p - a +0 helmet (worn)
 q - a +2 buckler (worn)
 A - a +1 robe of resistance (worn)
 D - a +0 pair of boots (worn)
 F - a +1 shield of protection
 H - a +1 pair of gloves (worn)
Jewellery
 o - a +2 ring of protection (right hand)
 s - a ring of magical power (left hand)
 y - an amulet of magic regeneration (around neck)
Wands
 d - a wand of iceblast (7/15)
 m - a wand of lightning (2/15)
 u - a wand of flame (24/48)
 C - a wand of teleportation (3/9)
 G - a wand of iceblast (6/15)
 J - a wand of slowing (8/48)
 L - a wand of teleportation (3/9)
Scrolls
 a - 5 scrolls of amnesia
 b - 4 scrolls of fog
 e - 2 scrolls of remove curse
 f - 3 scrolls of recharging
 h - a scroll of immolation
 n - a scroll of teleportation
Potions
 c - a potion of berserk rage
 j - 2 potions of lignification
 l - 2 potions of agility
 r - 2 potions of cancellation
 v - a potion of haste
 w - a potion of brilliance
 E - 3 potions of might
 I - a potion of flight
Books
 x - a book of Power

   Spells                             Type                      Level
   a - Fulminant Prism                Conjuration/Hexes            4
   b - Iskenderun's Mystic Blast      Conjuration                  4
   c - Venom Bolt                     Conjuration/Poison           5
   d - Bolt of Magma                  Conjuration/Fire/Earth       5
   e - Iron Shot                      Conjuration/Earth            6
   f - Orb of Destruction             Conjuration                  7
   g - Spellforged Servitor           Conjuration/Summoning        7
 N - a book of the Earth

   Spells                             Type                      Level
   a - Leda's Liquefaction            Hexes/Earth                  4
   b - Bolt of Magma                  Conjuration/Fire/Earth       5
   c - Statue Form                    Transmutation/Earth          6
   d - Iron Shot                      Conjuration/Earth            6
   e - Shatter                        Earth                        9
Comestibles
 g - 6 chunks of flesh
 t - 9 bread rations
 z - 2 meat rations


   Skills:
 + Level 6.5 Fighting
 - Level 8.0 Short Blades
 + Level 6.5 Armour
 + Level 9.9 Dodging
 - Level 2.4 Stealth
 - Level 4.2 Shields
 * Level 14.9 Spellcasting
 + Level 9.5 Conjurations
 + Level 10.1 Fire Magic
 + Level 8.4 Ice Magic
 + Level 6.8 Earth Magic
 + Level 6.4 Poison Magic
 + Level 8.0 Evocations


You had one spell level left.
You knew the following spells:

 Your Spells              Type           Power        Failure   Level  Hunger
a - Flame Tongue          Conj/Fire      #####        1%          1    None
b - Throw Flame           Conj/Fire      ######       1%          2    None
c - Conjure Flame         Conj/Fire      ######..     1%          3    None
d - Inner Flame           Hex/Fire       #####...     1%          3    None
e - Ignite Poison         Fire/Tmut/Pois #####...     1%          3    None
f - Sticky Flame          Conj/Fire      ######..     1%          4    None
g - Fireball              Conj/Fire      ######....   1%          5    ##.....
h - Bolt of Magma         Conj/Fire/Erth ######....   1%          5    ##.....
i - Bolt of Fire          Conj/Fire      ######....   3%          6    #####..
j - Delayed Fireball      Conj/Fire      N/A          17%         7    ######.
k - Olgreb's Toxic Radia  Pois           #####...     1%          4    None
l - Ice Form              Ice/Tmut       #####...     10%         4    None


Dungeon Overview and Level Annotations

Branches:
Dungeon (10/15)            Temple (1/1) D:7            Lair (6/6) D:8
  Swamp (0/4) Lair:4       Spider (0/4) Lair:4        Slime (0/5) Lair:6
    Orc (2/2) D:10            Elf (0/3) Orc:2

Altars:
Ashenzari
Cheibriados
Dithmenos
Elyvilon
Fedhas
Gozag
Hepliaklqana
Kikubaaqudgha
Makhleb
Nemelex Xobeh
Okawaru
Qazlal
Ru
Sif Muna
Trog
Uskayaw
Vehumet
Xom
Yredelemnul
Zin
The Shining One
Jiyva

Shops:
D:9 }   Orc:2 }[*!(


Innate Abilities, Weirdness & Mutations

You are partially covered in yellow scales. (AC +2)
You are agile. (Dex +2)
You can translocate small distances at will.
Your body often deteriorates upon taking damage.
You are dopey. (Int -2)
You are frail. (-10% HP)
Your system is resistant to poisons. (rPois)
You are occasionally teleported next to monsters.
You are weak. (Str -2)


Message History

Your body deteriorates!
You feel weakened.
You have lost your strength.
The hell hound barks!
A four-headed hydra comes into view.
The hell hound bites you!
* * * LOW HITPOINT WARNING * * *
The hell hound bites you but does no damage.
The hell hound bites you but does no damage.
The hell hound bites you.
* * * LOW HITPOINT WARNING * * *
You can move again.
Okay, then.
Unknown command.
Unknown command.
Evoke which item? (* to show all) (? for menu, Esc to quit)
Zapping:
C - a wand of teleportation (4/9)
Press: ? - help, Shift-Dir - straight line, f - you You feel strangely unstable.
This wand has 3 charges left.
The hell hound misses you. The hell hound closely misses you.
The hell hound completely misses you. The hell hound bites you.
You die...

#.#............#..## ##.........
.#........#...####.# #..........
#....#...#.#### ### ###P...[...
###..######### #.........
#..##.#.##.#### ##........
#....#.#....#.## #........
##.............# ##.......
##.......D....# ##..#.....
###.#...#.#.@## ####...P.....
####.#####hh###.##......... ####
########h.#..............
#..######..#.#...##..............
#..#.#.#.........##.#...###......
......#.........#####P### ##.#..#
......÷...†.....# ### ######
.##.....##....### ###....#.##.#.#


You could see a four-headed hydra, 2 hell hounds and a black bear.

Vanquished Creatures
  Josephine (Orc:1)
  An ice dragon (Lair:6)
  Harold (Lair:2)
  6 hydras
  Erica (Orc:1)
  14 death yaks
  Urug (Orc:1)
  6 orc high priests (Orc:2)
  An unseen horror (D:10)
  3 lindwurms (Lair:6)
  6 orc knights
  2 orc sorcerers
  An oklob plant (Lair:2)
  An ugly thing (D:10)
  A griffon (Lair:2)
  4 black mambas
  16 elephants
  7 torpor snails (Lair:6)
  14 spiny frogs
  5 rime drakes
  6 komodo dragons
  3 trolls
  3 giant leeches (Lair:6)
  3 polar bears
  3 raiju (Lair:6)
  17 blink frogs
  3 dream sheep (Lair:6)
  5 wraiths (Orc:1)
  3 wyverns
  Eustachio (D:5)
  Sigmund (D:3)
  9 yaks
  3 basilisks
  A human (D:7)
  10 hippogriffs
  3 hogs (D:7)
  A hungry ghost (D:10)
  9 wargs
  Menkaure (D:7)
  A mottled dragon (D:9)
  A hell hound (Lair:6)
  12 porcupines
  11 water moccasins
  3 ice beasts
  A sky beast (D:10)
  8 black bears
  28 orc warriors
  7 wasps (Lair:6)
  12 ogres
  13 crocodiles
  24 wolves
  4 centaurs
  A big kobold (D:7)
  6 giant frogs
  A water moccasin skeleton (D:7)
  4 scorpions
  6 killer bees (D:8)
  2 electric eels
  3 crimson imps
  A howler monkey (D:10)
  3 quasits
  3 giant frog skeletons
  A centaur zombie (D:5)
  3 jellies
  21 hounds
  Crazy Yiuf (D:4)
  32 orc priests
  14 orc wizards
  Jessica (D:3)
  Terence (D:2)
  3 iguanas
  8 worker ants
  A killer bee zombie (D:6)
  A hound zombie (D:10)
  A worker ant zombie (D:9)
  3 gnolls (D:8)
  10 adders
  30 river rats
  2 shadow imps
  2 adder zombies
  3 worms
  8 dart slugs
  4 giant geckos
  90 orcs
  7 bats
  5 giant cockroaches
  7 goblins
  8 hobgoblins
  6 jackals (D:1)
  10 kobolds
  A quokka (D:4)
  2 ball pythons
  6 giant newts
  2 jackal zombies
  14 rats
  A fungus (Lair:2)
  4 plants
645 creatures vanquished.

Vanquished Creatures (others)
  A water moccasin (Lair:6)
  An orc wizard (D:9)
  12 fungi
  17 plants
31 creatures vanquished.

Grand Total: 676 creatures vanquished

Notes
Turn   | Place    | Note
-------+----------+-------------------------------------------
     0 | D:1      | Kidiri the Deep Elf Fire Elementalist began the quest for the Orb.
     0 | D:1      | Reached XP level 1. HP: 10/10 MP: 6/6
   441 | D:1      | Reached XP level 2. HP: 15/15 MP: 6/8
   445 | D:1      | Learned a level 2 spell: Throw Flame
   924 | D:1      | Reached skill level 4 in Spellcasting
  1241 | D:2      | Found a stormy altar of Qazlal.
  1248 | D:2      | Reached XP level 3. HP: 19/19 MP: 3/10
  1253 | D:2      | Learned a level 3 spell: Conjure Flame
  1257 | D:2      | Learned a level 3 spell: Inner Flame
  1366 | D:2      | Found a sparkling altar of Nemelex Xobeh.
  1506 | D:2      | Found a faded altar of an unknown god.
  1556 | D:2      | Found an iron altar of Okawaru.
  1592 | D:2      | Found a radiant altar of Vehumet.
  1601 | D:2      | Became a worshipper of Vehumet
  2437 | D:3      | Noticed Terence
  2554 | D:2      | Killed Terence
  2554 | D:2      | Reached XP level 4. HP: 9/24 MP: 7/12
  2862 | D:3      | Reached skill level 5 in Spellcasting
  2979 | D:3      | Gained mutation: You are clumsy. (Dex -2) [potion of mutation]
  2979 | D:3      | Gained mutation: You occasionally shout uncontrollably at your foes. [potion of mutation]
  2979 | D:3      | Gained mutation: Your spells are a little harder to cast, but a little more powerful. [potion of mutation]
  2985 | D:3      | Learned a level 4 spell: Sticky Flame
  3016 | D:3      | Noticed Sigmund
  3026 | D:3      | Killed Sigmund
  3026 | D:3      | Reached skill level 1 in Evocations
  3026 | D:3      | Reached XP level 5. HP: 22/28 MP: 8/15
  3185 | D:3      | Reached XP level 6. HP: 33/33 MP: 13/16
  3209 | D:3      | Reached * piety under Vehumet
  3209 | D:3      | Offered knowledge of Magic Dart by Vehumet.
  3366 | D:3      | Noticed Jessica
  3372 | D:3      | Killed Jessica
  3372 | D:3      | Reached skill level 1 in Short Blades
  3372 | D:3      | Reached skill level 1 in Armour
  3754 | D:3      | Reached skill level 6 in Spellcasting
  3896 | D:4      | Found a shadowy altar of Dithmenos.
  4316 | D:4      | Reached skill level 1 in Fighting
  4503 | D:4      | Found an ancient bone altar of Kikubaaqudgha.
  4723 | D:4      | Reached XP level 7. HP: 37/38 MP: 14/18
  4813 | D:4      | Reached skill level 1 in Shields
  4957 | D:4      | Learned a level 5 spell: Fireball
  5077 | D:4      | Found a runed door.
  5243 | D:4      | Noticed Crazy Yiuf
  5246 | D:4      | Killed Crazy Yiuf
  5419 | D:5      | Entered Level 5 of the Dungeon
  5582 | D:5      | Offered knowledge of Searing Ray by Vehumet.
  5590 | D:5      | Reached ** piety under Vehumet
  5760 | D:5      | Found a white marble altar of Elyvilon.
  5832 | D:5      | Noticed Eustachio
  5840 | D:5      | Killed Eustachio
  5840 | D:5      | Reached skill level 7 in Spellcasting
  5840 | D:5      | Reached XP level 8. HP: 42/44 MP: 12/20
  5958 | D:5      | Found a hide-covered altar of Uskayaw.
  6268 | D:6      | Reached skill level 5 in Fire Magic
  6550 | D:6      | You fall through a shaft for 2 floors!
  6556 | D:8      | Learned a level 4 spell: Ice Form
  6831 | D:8      | Reached skill level 1 in Ice Magic
  7225 | D:8      | Reached skill level 8 in Spellcasting
  7237 | D:8      | Offered knowledge of Ignite Poison by Vehumet.
  7243 | D:8      | Reached XP level 9. HP: 38/49 MP: 12/23
  7852 | D:8      | Lost mutation: You are clumsy. (Dex -2) [potion of mutation]
  7852 | D:8      | Lost mutation: You occasionally shout uncontrollably at your foes. [potion of mutation]
  7852 | D:8      | Gained mutation: Your system is resistant to poisons. (rPois) [potion of mutation]
  7853 | D:8      | Lost mutation: Your spells are a little harder to cast, but a little more powerful. [potion of mutation]
  7853 | D:8      | Gained mutation: You are occasionally teleported next to monsters. [potion of mutation]
  7871 | D:8      | Reached skill level 5 in Dodging
  7931 | D:8      | Found a staircase to the Lair.
  8324 | D:7      | Found a sacrificial altar of Ru.
  8368 | D:7      | Reached *** piety under Vehumet
  8678 | D:7      | Learned a level 3 spell: Ignite Poison
  8914 | D:7      | Found a staircase to the Ecumenical Temple.
  8926 | Temple   | Entered the Ecumenical Temple
  9069 | D:7      | You fall through a shaft for 3 floors!
  9069 | D:10     | Entered Level 10 of the Dungeon
  9082 | D:10     | Reached skill level 5 in Conjurations
  9280 | D:10     | Reached skill level 9 in Spellcasting
  9328 | D:10     | Found a staircase to the Orcish Mines.
  9576 | D:7      | Found a bloodstained altar of Trog.
  9579 | D:7      | Found an opulent altar of Gozag.
  9581 | D:7      | Noticed Menkaure
  9584 | D:7      | Killed Menkaure
  9608 | D:7      | Found a shimmering altar of Xom.
  9733 | D:7      | Reached XP level 10. HP: 49/56 MP: 21/25
 10199 | D:6      | Reached skill level 10 in Spellcasting
 10199 | D:6      | Reached skill level 5 in Evocations
 10199 | D:6      | Reached XP level 11. HP: 54/61 MP: 20/27
 10217 | D:6      | Learned a level 5 spell: Bolt of Magma
 10286 | D:6      | Offered knowledge of Dazzling Spray by Vehumet.
 10968 | Lair:1   | Entered Level 1 of the Lair of Beasts
 11000 | Lair:1   | Noticed a six-headed hydra
 11007 | Lair:1   | Killed a six-headed hydra
 11007 | Lair:1   | Reached skill level 11 in Spellcasting
 11234 | Lair:1   | Reached skill level 5 in Short Blades
 11234 | Lair:1   | Reached skill level 1 in Poison Magic
 11429 | Lair:1   | Reached skill level 1 in Earth Magic
 11440 | Lair:1   | Reached skill level 5 in Ice Magic
 12628 | Lair:2   | Found a glowing silver altar of Zin.
 12628 | Lair:2   | Noticed an oklob plant
 12706 | Lair:2   | Killed an oklob plant
 12834 | Lair:2   | Reached **** piety under Vehumet
 12978 | Lair:2   | Reached skill level 12 in Spellcasting
 12978 | Lair:2   | Reached XP level 12. HP: 45/67 MP: 6/30
 12989 | Lair:2   | Offered knowledge of Throw Icicle by Vehumet.
 13909 | Lair:2   | Noticed Harold
 13916 | Lair:2   | Killed Harold
 14322 | Lair:3   | Noticed a death yak
 14325 | Lair:3   | Noticed a death yak
 14329 | Lair:3   | Noticed a death yak
 14331 | Lair:3   | Killed a death yak
 14342 | Lair:3   | Killed a death yak
 14465 | Lair:3   | Killed a death yak
 14465 | Lair:3   | Reached skill level 5 in Armour
 14505 | Lair:3   | Noticed a five-headed hydra
 14525 | Lair:3   | Killed a five-headed hydra
 14527 | Lair:3   | HP: 3/68 [spiny frog (20)]
 15053 | Lair:3   | Reached ***** piety under Vehumet
 15241 | Lair:3   | Offered knowledge of Bolt of Fire by Vehumet.
 15249 | Lair:3   | Learned a level 6 spell: Bolt of Fire
 15278 | Lair:3   | Reached skill level 5 in Fighting
 15292 | Lair:3   | Noticed an eight-headed hydra
 15296 | Lair:3   | Killed an eight-headed hydra
 16002 | Lair:4   | Found a hole to the Spider Nest.
 16134 | Lair:4   | Found a staircase to the Swamp.
 16902 | Lair:4   | Reached XP level 13. HP: 63/72 MP: 24/31
 17236 | Lair:5   | Reached skill level 13 in Spellcasting
 17374 | Lair:5   | Gained mutation: Your body sometimes deteriorates upon taking damage. [potion of mutation]
 17374 | Lair:5   | Gained mutation: You are weak. (Str -2) [potion of mutation]
 17374 | Lair:5   | Gained mutation: Your mind is acute. (Int +2) [potion of mutation]
 18112 | Lair:5   | Reached skill level 5 in Earth Magic
 18479 | Lair:5   | Offered knowledge of Olgreb's Toxic Radiance by Vehumet.
 18621 | Lair:6   | Entered Level 6 of the Lair of Beasts
 18901 | Lair:6   | Reached skill level 5 in Poison Magic
 20179 | Lair:6   | Reached XP level 14. HP: 42/79 MP: 17/33
 20421 | Lair:6   | Found a viscous altar of Jiyva.
 20422 | Lair:6   | Found a staircase to the Slime Pits.
 20560 | Lair:6   | Found a runed door.
 20678 | Lair:6   | Learned a level 4 spell: Olgreb's Toxic Radiance
 20697 | Lair:6   | Reached skill level 14 in Spellcasting
 21010 | Lair:6   | Offered knowledge of Poisonous Cloud by Vehumet.
 21532 | Lair:6   | Gained mutation: You are partially covered in yellow scales. (AC +2) [potion of mutation]
 21532 | Lair:6   | Lost mutation: Your mind is acute. (Int +2) [potion of mutation]
 21532 | Lair:6   | Gained mutation: Your body often deteriorates upon taking damage. [potion of mutation]
 21849 | D:9      | Found Xiraeb's Gadget Emporium.
 22666 | D:10     | Gained mutation: You can translocate small distances at will. [mutagenic meat]
 22669 | D:10     | Gained mutation: You are agile. (Dex +2) [mutagenic meat]
 23193 | Orc:1    | Entered Level 1 of the Orcish Mines
 23193 | Orc:1    | Noticed Urug
 23196 | Orc:1    | Noticed Erica
 23202 | Orc:1    | Killed Urug
 23202 | Orc:1    | Killed Erica
 23416 | Orc:2    | Entered Level 2 of the Orcish Mines
 23591 | Orc:2    | Found Hiugidi's Gadget Boutique.
 23795 | Orc:2    | Offered knowledge of Lightning Bolt by Vehumet.
 23836 | Orc:2    | Found a staircase to the Elven Halls.
 24206 | Orc:2    | Gained mutation: You are frail. (-10% HP) [a neqoxec]
 24208 | Orc:2    | Gained mutation: You are dopey. (Int -2) [a neqoxec]
 24912 | Orc:2    | Found Moreh's Weapon Emporium.
 24912 | Orc:2    | Found Laam Qof's Distillery.
 24912 | Orc:2    | Found Ramoph's General Store.
 24912 | Orc:2    | Found Iqot's Antique Armour Emporium.
 24915 | Orc:2    | Offered knowledge of Delayed Fireball by Vehumet.
 25427 | Orc:1    | Learned a level 7 spell: Delayed Fireball
 25557 | Orc:1    | Noticed Josephine
 25567 | Orc:1    | Killed Josephine
 25567 | Orc:1    | Reached skill level 10 in Fire Magic
 26633 | Lair:6   | Reached XP level 15. HP: 75/75 MP: 21/35
 26908 | Lair:6   | Lost strength.
 26910 | Lair:6   | HP: 2/75 [hell hound (4)]
 26911 | Lair:6   | Slain by a hell hound

Vault maps used:
D:1:      kennysheep_arrival_forest
D:2:      grunt_qazlal_sundering, nemelex_xobeh_ov_fountains_minmay,
          nicolae_overflow_crystal_walls, okawaru_trees_2, ecumenical_altar_2,
          kennysheep_generic_room_6
D:3:      uniq_sigmund, uniq_terence, uniq_jessica
D:4:      kennysheep_mini, grunt_dithmenos_smoke_and_mirrors, first_bread,
          uniq_crazy_yiuf_cottage
D:5:      elyvilon_altar_5, eat_drink_and_be_merry_uskayaw,
          minmay_misc_feat_diagonals, uniq_eustachio
D:6:      kennysheep_slugbush, serial_co_window_serial, co_window_paths_b,
          co_window_of_opportunity_a, co_window_of_opportunity_a,
          co_window_of_opportunity_a, co_window_corner_a, co_window_corner_ca,
          co_window_2corner, co_window_broadway_b, glass_columns_a,
          glass_columns_c, glass_columns_a
D:7:      nicolae_ru_path_of_blood, grunt_temple_overflow_open, grunt_livestock,
          water_maze_lemuel, uniq_menkaure
D:8:      david_lair_shrubbed
D:9:      serial_shops, shop
D:10:     orc_0_dummy
Temple:   nicolae_temple_figure_zero
Lair:2:   lemuel_oklob_altar, grunt_megastairs_3, uniq_harold
Lair:3:   serial_bayou_crossing
Lair:4:   swamp_mist, spider_nest_entry_a, st_stairs_13
Lair:5:   st_stairs_9
Lair:6:   hangedman_lair_caniforms_friends, wormcave,
          dpeg_slime_entry_enclosed_altar, st_stairs_3
Orc:1:    uniq_josephine, uniq_erica, uniq_urug
Orc:2:    st_orc_pillars, serial_shops, shop

Skill      XL: |  1  2  3  4  5  6  7  8  9 10 11 12 13 14 |
---------------+-------------------------------------------+-----
Spellcasting   | 4 5 6 7 8 9 10 12 13 14 | 14.9
Conjurations   | 2 3 4 5 6 7 8 9 |  9.5
Fire Magic     | 4 5 6 7 8 9 10 | 10.1
Evocations     | 1 2 3 4 5 6 7 8 |  8.0
Dodging        | 3 4 5 6 7 8 9 |  9.9
Short Blades   | 1 2 3 4 5 6 7 8 |  8.0
Armour         | 1 2 3 4 5 6 |  6.5
Fighting       | 1 2 3 4 5 6 |  6.5
Shields        | 1 2 3 4 |  4.2
Ice Magic      | 1 3 4 5 6 7 8 |  8.4
Poison Magic   | 2 3 5 6 |  6.4
Earth Magic    | 3 4 5 6 |  6.8
Stealth        | |  2.4

Action                   |  1- 3 |  4- 6 |  7- 9 | 10-12 | 13-15 || total
-------------------------+-------+-------+-------+-------+-------++-------
Melee: Dagger            |    24 |     1 |    16 |    59 |   238 ||   338
       Unarmed           |       |       |       |       |     8 ||     8
 Cast: Flame Tongue      |    60 |    61 |   161 |   142 |   107 ||   531
       Throw Flame       |    15 |    17 |    43 |    26 |     9 ||   110
       Conjure Flame     |     1 |     1 |     7 |     8 |     4 ||    21
       Sticky Flame      |       |     2 |    13 |    65 |    80 ||   160
       Fireball          |       |       |     1 |    13 |    14 ||    28
       Inner Flame       |       |       |     4 |     3 |     1 ||     8
       Bolt of Magma     |       |       |       |    46 |    15 ||    61
       Bolt of Fire      |       |       |       |     4 |   138 ||   142
       Olgreb's Toxic Ra |       |       |       |       |    44 ||    44
       Ignite Poison     |       |       |       |       |    42 ||    42
       Ice Form          |       |       |       |       |     3 ||     3
       Delayed Fireball  |       |       |       |       |     1 ||     1
Evoke: Wand              |       |       |     2 |       |     6 ||     8
  Use: Scroll            |     6 |     4 |     8 |     8 |    11 ||    37
       Potion            |       |     1 |     2 |     5 |     7 ||    15
 Stab: Sleeping          |     3 |       |       |     3 |     7 ||    13
  Eat: Chunk             |     1 |     7 |    12 |    10 |    26 ||    56
       Bread ration      |     1 |       |       |       |       ||     1
       Pizza             |       |       |     1 |     9 |     1 ||    11
       Fruit             |       |       |     3 |       |     9 ||    12
       Beef jerky        |       |       |     1 |     2 |     2 ||     5
       Meat ration       |       |       |       |       |     5 ||     5
Armor: Robe              |     9 |     6 |    29 |    18 |    55 ||   117
       Skin              |       |       |       |       |     5 ||     5
Dodge: Dodged            |    51 |    15 |    57 |   138 |   230 ||   491
Block: Buckler           |       |       |       |    60 |    93 ||   153
